 Dungeon Crawl Stone Soup version 5.2-56-g927a965 (webtiles) character file.

56 PlanetStephanie the Shield-Bearer (level 5, -8/42 HPs)
             Began as a Formicid Fighter on Dec 14, 2017.
             Was an Initiate of Qazlal.
             Mangled by an iguana (10 damage)
             ... on level 3 of the Dungeon.
             The game lasted 00:02:03 (1596 turns).

PlanetStephanie the Shield-Bearer (FoFi)            Turns: 1596, Time: 00:02:04

Health: -8/42      AC:  7 (24%)Str: 20  XL:     5   Next: 29%
Magic:  6/6        EV:  9    Int:  8    God:    Qazlal [0*[24]]
Gold:   133        SH:  9    Dex: 11    Spells: 4/4 levels left

rFire    + . .     SeeInvis +   a - +0 war axe
rCold    . . .     Faith    .   c - +0 shield
rNeg     . . .     Spirit   .   h - +2 ring mail {rF+}
rPois    .         Reflect  .   (helmet unavailable)
rElec    .                      (no cloak)
rCorr    .                      (no gloves)
MR       .....                  (no boots)
Stlth    +.........             (no amulet)
Regen    0.2/turn               (no ring)
MPRegen  0.2/turn               (no ring)

@: no status effects
A: permanent stasis, dig shafts and tunnels, four strong arms, antennae 3
a: Dig, Shaft Self, Renounce Religion


You were on level 3 of the Dungeon.
You worshipped Qazlal.
Qazlal was noncommittal.
You were not hungry.

You visited 1 branch of the dungeon, and saw 3 of its levels.

You collected 133 gold pieces.

Inventory:

Hand Weapons
 a - a +0 war axe (weapon)
Missiles
 e - 88 arrows
 f - 55 poisoned darts (quivered)
 j - 990 stones
Armour
 b - a +0 scale mail
 c - a +0 shield (worn)
 h - a +2 ring mail of fire resistance (worn)
Wands
 l - a wand of iceblast (7)
Scrolls
 g - a scroll of fear
 i - 2 scrolls of magic mapping
 k - 2 scrolls of enchant armour
 m - a scroll of enchant weapon
Potions
 d - a potion of augmentation


   Skills:
 + Level 4.2 Fighting
 + Level 2.6 Axes
 + Level 4.1 Armour
 + Level 4.5 Shields
 + Level 1.4 Invocations


You had 4 spell levels left.
You didn't know any spells.

Dungeon Overview and Level Annotations

Branches:
Dungeon (3/15)

Altars:
Dithmenos
Elyvilon
Okawaru
Qazlal
Ru
Sif Muna
Uskayaw
Vehumet


Innate Abilities, Weirdness & Mutations

You are under a permanent stasis effect.
You can dig through walls and to a lower floor.
Your four strong arms can wield two-handed weapons with a shield.
You have a pair of large antennae on your head. (SInv)


Message History

The ooze is heavily wounded.
The ooze hits you but does no damage.
You slash the ooze (13)!
You kill the ooze!
Qazlal accepts your kill.
The iguana bites you but does no damage.
You closely miss the iguana. You block the iguana's attack.
You slash the iguana (8)!
The iguana is heavily wounded.
The iguana closely misses you.
You closely miss the iguana.
The iguana is heavily wounded.
The iguana bites you (6).
* * * LOW HITPOINT WARNING * * *
The iguana bites you (5).
* * * LOW HITPOINT WARNING * * *
You hit the iguana (2).
The iguana is heavily wounded.
The iguana bites you (10)!
You die...

#.#.............
#.#####.#.......
#.......#############
######............... # #.
..#...###########.
#.#.##.#...#.......###.
#....#.#...............
#.#....#.#...............
........l@...........#....
.....##.#.#.####..#..#.#..
..(. #.#.#.# #..#..#.#..
... #.#.#.# #..#..#.#.. ..
#.#.#.# #..#..#.#.. #
#.#.#.. ...#....#..
#.#.##. ....#.####.. .....
. ..>.... #.#


You could see an iguana.

Vanquished Creatures
  A howler monkey (D:3)
  2 adders (D:3)
  3 oozes
  2 dart slugs (D:1)
  An orc (D:3)
  2 quokkas (D:1)
  5 giant cockroaches
  6 goblins
  9 hobgoblins
  5 bats
  3 frilled lizards
  5 rats
44 creatures vanquished.

Notes
Turn   | Place    | Note
-------+----------+-------------------------------------------
     0 | D:1      | PlanetStephanie the Formicid Fighter began the quest for the Orb.
     0 | D:1      | Reached XP level 1. HP: 18/18 MP: 1/1
   284 | D:1      | Reached XP level 2. HP: 24/24 MP: 2/2
   343 | D:1      | Reached XP level 3. HP: 17/29 MP: 3/3
   866 | D:2      | Found a radiant altar of Vehumet.
   924 | D:2      | Found a faded altar of an unknown god.
  1170 | D:2      | Found a stormy altar of Qazlal.
  1175 | D:2      | Became a worshipper of Qazlal Stormbringer
  1187 | D:2      | Reached XP level 4. HP: 37/37 MP: 4/4
  1305 | D:2      | Found a white marble altar of Elyvilon.
  1306 | D:2      | Found a hide-covered altar of Uskayaw.
  1306 | D:2      | Found an iron altar of Okawaru.
  1307 | D:2      | Found a deep blue altar of Sif Muna.
  1307 | D:2      | Found a sacrificial altar of Ru.
  1307 | D:2      | Found a shadowy altar of Dithmenos.
  1503 | D:3      | Reached skill level 1 in Invocations
  1549 | D:3      | Reached XP level 5. HP: 34/42 MP: 5/5
  1595 | D:3      | HP: 2/42 [iguana (5)]
  1596 | D:3      | Mangled by an iguana

Skill      XL: |  1  2  3  4 |
---------------+-------------+-----
Shields        | 4 |  4.5
Armour         | 4 |  4.1
Fighting       | 4 |  4.2
Invocations    | 1 |  1.4
Axes           | |  2.6

Action                   |  1- 3 |  4- 6 || total
-------------------------+-------+-------++-------
Melee: War axe           |    92 |    39 ||   131
Armor: Scale mail        |    15 |       ||    15
       Ring mail         |    21 |    12 ||    33
Dodge: Dodged            |    29 |     7 ||    36
Block: Shield            |    48 |    23 ||    71
